 Dungeon Crawl Stone Soup version 0.23-a0-370-gf497b7c (webtiles) character file.

30203 iamserjio the Spry (level 13, 61/61 HPs)
             Began as a Felid Chaos Knight on Oct 24, 2018.
             Was a Plaything of Xom.
             Quit the game on level 1 of the Snake Pit.
             The game lasted 01:55:42 (31385 turns).

iamserjio the Spry (Felid Chaos Knight)            Turns: 31385, Time: 01:55:43

Health: 61/61      AC:  6    Str: 10    XL:     13   Next: 19%
Magic:  27/27      EV: 35    Int: 17    God:    Xom [..*...]
Gold:   416        SH:  7    Dex: 21    Spells: 7/31 levels left
                                        Lives:  0   Deaths: 4

rFire    . . .     SeeInvis +     - Unarmed
rCold    + + +     Gourm    .   (shield unavailable)
rNeg     . . .     Faith    .   (armour unavailable)
rPois    +         Spirit   .   (helmet unavailable)
rElec    +         Reflect  +   (cloak unavailable)
rCorr    .         Harm     .   (gloves unavailable)
MR       +....                  (boots unavailable)
Stlth    ++++++++++             N - +3 amulet of reflection
HPRegen  0.20/turn              f - ring of stealth
MPRegen  0.20/turn              B - ring of Shadows {Umbra +Inv Stlth+}

@: wreathed by umbra, quick
A: very small, no armour, no weapons or thrown items, stealth, claws 1, fangs 3,
icy blue scales 2, large bone plates 1, see invisible, agile 1, carnivore, cold
resistance 3, speed 1, mutation resistance 1, sense surroundings 2, poison
resistance, robust 2, shaggy fur 3, electricity resistance, slow metabolism 1,
strong 1, wild magic 1, sharp paws
a: Renounce Religion, Evoke Invisibility


You were on level 1 of the Snake Pit.
You worshipped Xom.
You were a toy of Xom.
You were not hungry.

You visited 4 branches of the dungeon, and saw 24 of its levels.
You also visited: Labyrinth and Volcano.

You collected 2670 gold pieces.
You spent 2254 gold pieces at shops.

Inventory:

Missiles
 e - 402 arrows
Jewellery
 f - a ring of stealth (left paw)
 g - an uncursed ring of protection from magic
 u - an uncursed ring of positive energy
 x - an uncursed amulet of regeneration
 B - the ring of Shadows (right paw) {Umbra +Inv Stlth+}
   (You bought it in a shop on level 12 of the Dungeon)

   [ring of stealth]

   It lets you turn invisible.
   It makes you more stealthy.
 J - a +4 ring of dexterity {unknown}
 M - an uncursed ring of poison resistance
 N - a +3 amulet of reflection (around neck)
 O - an uncursed ring of resist corrosion
Wands
 b - a wand of polymorph (45)
 l - a wand of digging (30)
 p - a wand of flame (63)
 y - a wand of acid (10)
 A - a wand of scattershot (2)
 E - a wand of iceblast (24)
Scrolls
 h - 11 scrolls of remove curse {@r2}
 i - 4 scrolls of fear
 j - 2 scrolls of identify {@r1}
 m - 8 scrolls of teleportation
 q - 5 scrolls of immolation
 r - 5 scrolls of fog
 t - 4 scrolls of silence
 v - 4 scrolls of vulnerability
 C - 7 scrolls of blinking
 D - a scroll of holy word
Potions
 c - 2 potions of brilliance
 d - a potion of lignification
 k - 6 potions of agility
 n - 3 potions of cancellation
 o - a potion of resistance
 z - 9 potions of curing {@q1}
 F - 4 potions of heal wounds
 G - 4 potions of might
 H - a potion of invisibility
 I - 3 potions of berserk rage
 K - a potion of flight
 L - 3 potions of haste
Miscellaneous
 s - a phial of floods
 w - a sack of spiders
Comestibles
 a - 56 rations


   Skills:
 + Level 3.1 Fighting
 - Level 18.2 Dodging
 + Level 15.9 Stealth
 - Level 11.0 Unarmed Combat
 * Level 9.5 Spellcasting
 - Level 1.0 Conjurations
 + Level 13.0 Hexes
 * Level 4.1 Summonings
 - Level 1.6 Necromancy
 - Level 5.1 Transmutations
 + Level 2.4 Air Magic
 - Level 3.1 Earth Magic
 - Level 2.0 Poison Magic
 - Level 6.2 Evocations


You had 7 spell levels left.
You knew the following spells:

 Your Spells              Type           Power        Failure   Level  Hunger
a - Sticks to Snakes      Tmut           ####....     3%          2    None
c - Mephitic Cloud        Conj/Pois/Air  ###.....     19%         3    None
d - Invisibility          Hex            ######..     11%         6    ######.
e - Confusing Touch       Hex            ######       1%          1    None
f - Animate Skeleton      Necr           N/A          8%          1    None
g - Apportation           Tloc           ##....       13%         1    None
h - Summon Mana Viper     Hex/Summ       #####...     12%         5    #####..
i - Borgnjor's Vile Clut  Necr/Erth      ###.......   75%         5    #####..

Your spell library contained the following spells:

 Spells                   Type           Power        Failure   Level  Hunger
 Cause Fear               Hex            ######....   1%          4    ###....
 Beastly Appendage        Tmut           ####..       2%          1    None
 Summon Butterflies       Summ           ####....     3%          1    None
 Summon Small Mammal      Summ           ####         3%          1    None
 Sting                    Conj/Pois      ###.         8%          1    None
 Call Canine Familiar     Summ           ####....     8%          3    None
 Poisonous Vapours        Pois/Air       ###...       9%          2    None
 Spider Form              Tmut/Pois      ####......   10%         3    None
 Yara's Violent Unravell  Hex/Tmut       ######....   10%         5    #####..
 Silence                  Hex/Air        #####.....   16%         5    #####..
 Recall                   Summ/Tloc      N/A          17%         3    None
 Conjure Flame            Conj/Fire      ##......     30%         3    None
 Ice Form                 Ice/Tmut       ###.....     38%         4    ###....
 Blade Hands              Tmut           ####......   38%         5    #####..
 Olgreb's Toxic Radiance  Pois           ###.....     45%         4    ###....
 Summon Ice Beast         Ice/Summ       ###.....     45%         4    ###....
 Animate Dead             Necr           N/A          52%         4    ###....
 Iskenderun's Mystic Bla  Conj           ###.....     61%         4    ###....
 Bolt of Magma            Conj/Fire/Erth ###.......   86%         5    #####..
 Venom Bolt               Conj/Pois      ###.......   86%         5    #####..
 Iskenderun's Battlesphe  Conj/Chrm      ##......     94%         5    #####..
 Death Channel            Necr           ###.......   100%        6    ######.
 Deflect Missiles         Chrm/Air       ###.......   100%        6    ######.
 Freezing Cloud           Conj/Ice/Air   ###.......   100%        6    ######.
 Iron Shot                Conj/Erth      ###.......   100%        6    ######.
 Simulacrum               Ice/Necr       ##........   100%        6    ######.
 Orb of Destruction       Conj           ###.......   100%        7    #######
 Ring of Flames           Chrm/Fire      ##........   100%        7    #######
 Spellforged Servitor     Conj/Summ      ###.......   100%        7    #######
 Summon Hydra             Summ           ####......   100%        7    #######
 Discord                  Hex            ######....   98%         8    #######


Dungeon Overview and Level Annotations

Branches:
Dungeon (15/15)            Temple (0/1) D:4            Lair (6/6) D:11
 Shoals (0/4) Lair:4        Snake (1/4) Lair:2        Slime (0/5) Lair:5
    Orc (2/2) D:9             Elf (0/3) Orc:2        Vaults (0/5) D:13
 Depths (0/5) D:15

Altars:
Cheibriados
Fedhas
Gozag
Hepliaklqana
Okawaru
Ru
Sif Muna
Wu Jian
Xom
Yredelemnul
Zin
The Shining One
Beogh
Jiyva

Shops:
D:4 (   D:9 ?   D:12 ***[   D:15 ?   Orc:1 (   Orc:2 ?([%


Innate Abilities, Weirdness & Mutations

You cannot wear armour.
You are incapable of wielding weapons or throwing items.
Your paws allow you to move quietly. (Stealth)
You have sharp claws.
You have razor-sharp teeth.
You have supernaturally acute eyesight. (SInv)
You are carnivorous and can eat meat at any time.
You cover ground quickly.
Your thick and shaggy fur keeps you warm. (AC +3, rC+)
You have a slow metabolism.
Your sharp claws are effective at attacking unaware monsters.
You are mostly covered in icy blue scales. (AC +3)
You are partially covered in large bone plates. (SH +4)
You are agile. (Dex +2)
Your flesh is almost immune to the effects of cold. (rC+++)
You are somewhat resistant to further mutation.
You passively map the area around you.
Your system is resistant to poisons. (rPois)
You are very robust. (+20% HP)
You are resistant to electric shocks. (rElec)
Your muscles are strong. (Str +2)
Your spells are a little harder to cast, but a little more powerful.


Message History

Your naga skeleton barely misses the naga warrior.
Your black mamba skeleton bites the naga warrior but does no damage.
The naga warrior hits your naga skeleton with a +0 dire flail!!
The naga warrior grabs your naga skeleton.
The naga warrior constricts your naga skeleton.
Your naga skeleton is destroyed!
Your black mamba skeleton barely misses the naga warrior.
You hear a shout!
You barely miss the naga warrior.
The naga warrior shouts!
Your bite misses the naga warrior.
Your black mamba skeleton completely misses the naga warrior.
The naga warrior hits you with a +0 dire flail!
You die...
You block the naga warrior's attack.
You are now level 13!
Xom roars with laughter!
You rejoin the land of the living...
Found an encrusted bone ring.
Found a stone staircase leading down.
J - an encrusted bone ring

######### *
#.......# , *
#.##..#.#
#.#...#.##. *.###
#.@........ ,....
#..####.##.####.###
*, ...N.
..........(.
#.##### ##N#.##....
,#.
***,#.##.#..(#... #
N, #....(<#(#... *
* #######(##..(..
,, #....##N####...
# * #.##.##..# #..(


You could see a naga (wandering).

Vanquished Creatures
  Rupert (D:13)
  Gastronok (Lair:2)
  Kirke (D:13)
  An azure jelly (shapeshifter) (Orc:2)
  A minotaur (Lab)
  Snorg (D:11)
  Erolcha (D:9)
  10 hydras
  Fannar (Lair:2)
  A vault guard (D:13)
  3 centaur warriors
  10 death yaks
  2 two-headed ogres
  2 orc high priests (Orc:2)
  A tengu warrior (D:13)
  Nergalle (D:11)
  A naga sharpshooter (Lair:2)
  Sonja (Lair:2)
  2 hell knights
  2 unseen horrors
  A phantasmal warrior (D:13)
  3 orc knights
  3 deep elf magi
  An oklob plant (Lair:1)
  An orb spider (shapeshifter) (D:13)
  11 ugly things
  2 manticores
  7 black mambas
  6 elephants
  A guardian serpent (shapeshifter) (D:13)
  2 gargoyles
  A naga mage (Snake:1)
  2 centaur zombies
  Psyche (D:11)
  11 spiny frogs
  A kobold demonologist (D:15)
  7 komodo dragons
  4 yaktaurs (Volcano)
  A meliai (Lair:6)
  A queen bee (Lair:2)
  3 trolls
  2 hornets
  The ghost of CcS the Chopper, an amateur FoFi (D:4)
  Grinder (D:3)
  9 blink frogs
  9 hippogriffs
  A wind drake (shapeshifter) (D:14)
  4 slime creatures
  A shadow (D:12)
  A hog (shapeshifter) (D:14)
  2 wraiths (D:14)
  A hog (D:13)
  4 wyverns
  21 yaks
  7 basilisks
  2 humans (D:7)
  4 vampire mosquitoes
  A warg (Orc:2)
  Menkaure (D:5)
  A swamp worm (D:15)
  6 water moccasins
  6 porcupines
  2 ice beasts
  A porcupine (shapeshifter) (Lair:2)
  6 sky beasts
  4 black bears
  26 orc warriors
  A phantom (D:12)
  4 slaves (D:6)
  6 ogres
  6 centaurs
  7 crocodiles
  Blork the orc (D:5)
  5 big kobolds
  A gnoll sergeant (Orc:1)
  15 bullfrogs
  A wyvern zombie (D:11)
  Dowan (D:6)
  4 scorpions
  A water moccasin skeleton (D:8)
  3 wights (D:8)
  22 killer bees
  3 howler monkeys (D:12)
  4 electric eels (Lair:6)
  A bullfrog zombie (D:6)
  2 crimson imps
  5 hounds
  A quasit (D:10)
  3 bullfrog skeletons
  22 orc priests
  2 jellies
  17 orc wizards
  4 centaur skeletons
  5 iguanas
  5 worker ants
  2 hound zombies
  2 hound skeletons
  A worker ant zombie (D:7)
  3 gnolls (D:2)
  11 adders
  6 shadow imps
  An adder zombie (D:5)
  2 adder skeletons
  A worm (D:2)
  A dart slug (D:3)
  5 leopard geckos
  72 orcs
  2 ball pythons
  4 giant cockroaches
  5 goblins
  A goblin (shapeshifter) (D:9)
  4 hobgoblins
  9 jackals
  6 quokkas
  7 bats
  8 frilled lizards
  A jackal skeleton (D:6)
  25 kobolds
  A leopard gecko skeleton (D:6)
  2 leopard gecko zombies
  2 quokka skeletons (D:4)
  6 rats
  A plant (Lair:2)
581 creatures vanquished.

Vanquished Creatures (collateral kills)
  A catoblepas (Lair:2)
  A two-headed ogre (Orc:2)
  An ogre mage (D:15)
  2 ugly things (D:15)
  3 elephants (Lair:5)
  2 black mambas
  7 spiny frogs (Lair:6)
  A jumping spider (shapeshifter) (D:15)
  2 tyrant leeches (Lair:6)
  A hippogriff (D:11)
  7 blink frogs (Lair:6)
  4 yaks
  2 wyverns
  A hungry ghost (D:11)
  4 vampire mosquitoes (Lair:6)
  A naga (Snake:1)
  2 water moccasins (Lair:6)
  Duvessa (D:6)
  2 orc warriors (Orc:2)
  A tengu (shapeshifter) (D:15)
  An ice beast (D:5)
  An ogre (Orc:1)
  3 crocodiles
  7 bullfrogs
  4 killer bees (Lair:2)
  2 orc wizards
  2 orc priests
  An iron imp (D:10)
  3 worker ants (D:4)
  A worm (D:4)
  12 orcs
  A giant cockroach (D:4)
  2 fungi
  2 plants (Lair:6)
88 creatures vanquished.

Vanquished Creatures (others)
  2 centaurs (D:12)
  A killer bee (Lair:2)
  A wight (D:8)
  A howler monkey (D:12)
  8 fungi
  29 plants
42 creatures vanquished.

Grand Total: 711 creatures vanquished

Notes
Turn   | Place    | Note
-------+----------+-------------------------------------------
     0 | D:1      | iamserjio the Felid Chaos Knight began the quest for the
                  | Orb.
     0 | D:1      | Reached XP level 1. HP: 10/10 MP: 2/2
   153 | D:1      | XOM: smoke on damage
   155 | D:1      | Reached skill level 1 in Stealth
   409 | D:1      | Reached XP level 2. HP: 14/14 MP: 3/3
  1257 | D:2      | XOM is BORED!
  1257 | D:2      | XOM: mild Air miscast
  1546 | D:2      | Reached XP level 3. HP: 12/17 MP: 4/4
  1557 | D:2      | XOM: silly message
  1567 | D:2      | Reached skill level 4 in Dodging
  1769 | D:2      | Found a faded altar of an unknown god.
  1884 | D:2      | Reached XP level 4. HP: 20/21 MP: 5/5
  1898 | D:2      | XOM: summons 1 hostile demon
  1948 | D:2      | XOM: silly message
  2595 | D:2      | Found a glowing golden altar of the Shining One.
  2630 | D:2      | Learned a level 2 spell: Sticks to Snakes
  3004 | D:3      | Noticed Grinder
  3127 | D:3      | XOM: harmless Ice miscast
  3310 | D:3      | You fall through a shaft for 2 floors!
  3310 | D:5      | Entered Level 5 of the Dungeon
  3311 | D:5      | Noticed Menkaure
  3342 | D:5      | Reached skill level 1 in Transmutations
  3404 | D:4      | XOM: mild Erth miscast
  3517 | D:4      | XOM: swap monsters
  3551 | D:4      | XOM: noise
  3554 | D:4      | Noticed CcS's ghost (amateur FoFi)
  3676 | D:4      | Found a transporter.
  3685 | D:4      | Found a transporter.
  3702 | D:4      | XOM: butterfly on damage
  3702 | D:4      | XOM: smoke on damage
  3703 | D:4      | Reached XP level 5. HP: 12/24 MP: 4/7
  3773 | D:4      | XOM: mild Necr miscast
  3774 | D:4      | XOM: summons friendly quasit
  3783 | D:4      | Reached skill level 1 in Spellcasting
  3964 | D:4      | XOM: noise
  4209 | D:4      | XOM: stat loss: -1 Str (7/8)
  4287 | D:4      | Learned a level 3 spell: Spider Form
  4336 | D:4      | Found a blossoming altar of Fedhas.
  4342 | D:4      | Found Coiqier's Antique Weapon Boutique.
  4388 | D:4      | XOM: medium Ice miscast
  4763 | D:3      | XOM: confusion
  4769 | D:3      | XOM: blink monster(s)
  4770 | D:3      | XOM: enchant monster (bad)
  4775 | D:3      | Killed Grinder
  4775 | D:3      | Reached skill level 5 in Dodging
  4775 | D:3      | Reached skill level 5 in Stealth
  4775 | D:3      | Reached skill level 1 in Poison Magic
  4775 | D:3      | Gained mutation: You are covered in thick fur. (AC +2)
                  | [Felid growth]
  4775 | D:3      | Reached XP level 6. HP: 28/28 MP: 6/9
  5110 | D:4      | Found a staircase to the Ecumenical Temple.
  5488 | D:5      | Reached XP level 7. HP: 31/31 MP: 10/10
  5535 | D:5      | Found a sacrificial altar of Ru.
  5554 | D:5      | Noticed Blork the orc
  5565 | D:5      | Killed Blork the orc
  6013 | D:5      | XOM: give mutations
  6013 | D:5      | Gained mutation: You are robust. (+10% HP) [Xom's grace]
  6013 | D:5      | Gained mutation: Your flesh is cold resistant. (rC+) [Xom's
                  | grace]
  6023 | D:5      | XOM: scenery: create altars
  6155 | D:5      | XOM: harmless Pois miscast
  6224 | D:5      | XOM: summons 7 friendly demons
  6473 | D:5      | XOM: confuse monster(s)
  6477 | D:5      | Killed Menkaure
  6477 | D:5      | Reached skill level 6 in Dodging
  6613 | D:5      | XOM is BORED!
  6613 | D:5      | XOM: severe Pois miscast
  6806 | D:6      | Noticed Pikel
  6879 | D:6      | XOM: cast spell 'Shadow Creatures'
  6888 | D:6      | Noticed Pikel
  6888 | D:6      | Pikel changed into Pikel the blink frog
  6888 | D:6      | XOM: polymorph Pikel -> Pikel the blink frog
  6903 | D:6      | XOM: fog
  6904 | D:6      | XOM: enchant monster (good)
  6920 | D:6      | XOM: potion effect (brilliance)
  6931 | D:6      | Killed Pikel the blink frog
  6931 | D:6      | Reached XP level 8. HP: 24/37 MP: 10/13
  7365 | D:6      | Reached skill level 7 in Dodging
  7365 | D:6      | Reached skill level 5 in Transmutations
  7567 | D:6      | Noticed Dowan
  7702 | D:6      | Noticed Duvessa
  7724 | D:6      | Killed Duvessa
  7731 | D:6      | Killed Dowan
  7997 | D:6      | XOM: mild Fire miscast
  8045 | D:6      | XOM: cloud trail
  8097 | D:7      | Found an iron altar of Okawaru.
  8123 | D:7      | XOM: smoke on damage
  8125 | D:7      | HP: 1/37 [human/+0 long sword (12)]
  8130 | D:7      | Reached skill level 8 in Dodging
  8245 | D:7      | XOM: harmless Conj miscast
  8504 | D:7      | Found a hazy altar of Hepliaklqana.
  8525 | D:7      | XOM: divination: detect creatures
  8526 | D:7      | XOM: summons friendly crimson imp
  8591 | D:7      | Reached XP level 9. HP: 40/40 MP: 16/16
  8643 | D:7      | Found a snail-covered altar of Cheibriados.
  8809 | D:7      | XOM: mild Tloc miscast
  8824 | D:7      | XOM: divination: magic mapping
  8832 | D:7      | XOM: potion effect (curing)
  9426 | D:7      | Reached skill level 5 in Unarmed Combat
  9617 | D:7      | XOM: harmless Necr miscast
  9802 | D:8      | Reached skill level 9 in Dodging
  9869 | D:8      | Slain by a black bear
  9870 | D:8      | Reached XP level 8. HP: -1/37 MP: 8/15
  9903 | D:8      | XOM: enchant monster (good)
 10172 | D:8      | Found a glowing golden altar of the Shining One.
 10751 | D:8      | Found a deep blue altar of Sif Muna.
 10764 | D:8      | XOM: enchant monster (good)
 11008 | D:8      | Noticed a hippogriff
 11008 | D:8      | XOM: confuse monster(s)
 11025 | D:8      | XOM: cast spell 'Summon Ice Beast'
 11061 | D:8      | XOM: divination: detect items
 11064 | D:8      | XOM: butterfly on damage
 11071 | D:8      | Killed a hippogriff
 11071 | D:8      | Reached skill level 5 in Spellcasting
 11071 | D:8      | Reached XP level 9. HP: 5/40 MP: 15/17
 11081 | D:7      | XOM: medium Ice miscast
 11305 | D:7      | XOM: god gift: Young Poisoner's Handbook
 11376 | D:7      | Learned a level 3 spell: Mephitic Cloud
 11571 | D:8      | Reached skill level 10 in Dodging
 11571 | D:8      | Reached skill level 10 in Stealth
 11652 | D:8      | XOM: god gift: silver ring {god gift}
 11685 | D:8      | XOM: divine lightning
 11808 | D:8      | XOM: scenery: 2 doors close
 11832 | D:8      | XOM: potion effect (curing)
 11974 | D:9      | Found a staircase to the Orcish Mines.
 11974 | D:9      | XOM: 1-stop teleportation journey
 12056 | D:9      | XOM: mild Chrm miscast
 12256 | D:9      | Found an ornate altar of the Wu Jian Council.
 12266 | D:9      | Noticed Erolcha
 12272 | D:9      | Reached skill level 1 in Conjurations
 12272 | D:9      | Reached skill level 1 in Air Magic
 12368 | D:9      | XOM: scenery: create altars
 12370 | D:9      | Killed Erolcha
 12370 | D:9      | Reached skill level 1 in Evocations
 12400 | D:9      | Found a basalt altar of Yredelemnul.
 12411 | D:9      | XOM: give mutations
 12411 | D:9      | Gained mutation: You are resistant to electric shocks.
                  | (rElec) [Xom's grace]
 12411 | D:9      | Gained mutation: Your muscles are strong. (Str +2) [Xom's
                  | grace]
 12470 | D:9      | XOM: 4-stop teleportation journey
 12667 | D:9      | XOM: potion effect (haste)
 12851 | D:9      | Reached skill level 11 in Dodging
 12984 | D:9      | XOM: god gift: wand of iceblast (6)
 12986 | D:9      | XOM: polymorph orc -> goblin
 12992 | D:9      | XOM: summons friendly orange demon
 13027 | D:9      | Found Wolyirch's Magic Scroll Shoppe.
 13034 | D:9      | Bought a scroll of noise for 15 gold pieces
 13034 | D:9      | Bought a scroll of teleportation for 45 gold pieces
 13034 | D:9      | Bought a scroll of identify for 30 gold pieces
 13034 | D:9      | Bought a scroll of identify for 30 gold pieces
 13034 | D:9      | Bought a scroll of teleportation for 45 gold pieces
 13368 | D:9      | Reached XP level 10. HP: 42/46 MP: 12/19
 13531 | D:10     | Entered Level 10 of the Dungeon
 13629 | D:10     | XOM: polymorph quasit -> iron imp
 13629 | D:10     | Paralysed by a hornet for 3 turns
 13630 | D:10     | HP: 1/46 [hornet (15)]
 13631 | D:10     | Succumbed to a hornet's poison
 13632 | D:10     | Reached XP level 9. HP: 0/40 MP: 18/18
 13772 | D:10     | XOM: summons 8 friendly demons
 13902 | D:10     | XOM: smoke on damage
 13968 | D:10     | Noticed an unseen horror
 13972 | D:10     | XOM: fake destruction
 14002 | D:10     | XOM: cast spell 'Necromutation'
 14004 | D:10     | XOM: enchant monster (good)
 14011 | D:10     | Killed an unseen horror
 14011 | D:10     | Reached skill level 12 in Dodging
 14055 | D:10     | XOM: scenery: create altars
 14280 | D:10     | XOM: scenery: create altars
 14415 | D:11     | XOM: give mutations
 14415 | D:11     | Gained mutation: You expend magic power (3 MP) to
                  | strengthen your wands. [Xom's grace]
 14415 | D:11     | Gained mutation: Your mind is acute. (Int +2) [Xom's grace]
 14415 | D:11     | Gained mutation: You are partially covered in icy blue
                  | scales. (AC +2) [Xom's grace]
 14623 | D:11     | Noticed Psyche
 14632 | D:11     | XOM: cast spell 'Monstrous Menagerie'
 14635 | D:11     | Killed Psyche
 14635 | D:11     | Reached XP level 10. HP: 32/46 MP: 5/20
 14651 | D:11     | XOM: god gift: ration
 14670 | D:11     | XOM: give mutation
 14670 | D:11     | Gained mutation: You are partially covered in large bone
                  | plates. (SH +4) [Xom's grace]
 14681 | D:11     | Noticed a purple ugly thing
 14728 | D:11     | Killed a green ugly thing
 14881 | D:11     | Found a staircase to the Lair.
 15165 | D:11     | Noticed Snorg
 15188 | D:11     | XOM: summons friendly quasit
 15201 | D:11     | XOM: polymorph orc -> ball python
 15206 | D:11     | HP: 1/46 [orc warrior/+0 halberd (24)]
 15389 | D:11     | XOM: 1-stop teleportation journey
 15390 | D:11     | Noticed Nergalle
 15401 | D:11     | Killed Nergalle
 15452 | D:11     | XOM: cleaving
 15462 | D:11     | Killed Snorg
 15613 | D:11     | Reached skill level 13 in Dodging
 16017 | D:11     | XOM: summons 1 hostile shadow creature
 16295 | Orc:1    | Entered Level 1 of the Orcish Mines
 16320 | Orc:1    | Found a roughly hewn altar of Beogh.
 16326 | Orc:1    | Found Runtoche's Antique Weapon Emporium.
 16374 | Orc:1    | Noticed an orc knight
 16392 | Orc:1    | Noticed an orc knight
 16393 | Orc:1    | Killed an orc knight
 16434 | Orc:1    | Killed an orc knight
 16434 | Orc:1    | Reached XP level 11. HP: 49/49 MP: 1/21
 16592 | Orc:1    | Noticed a glowing great sword
 16592 | Orc:1    | XOM: noise
 16845 | Orc:2    | Entered Level 2 of the Orcish Mines
 16850 | Orc:2    | Found a staircase to the Elven Halls.
 16880 | Orc:2    | Found a roughly hewn altar of Beogh.
 16891 | Orc:2    | Reached skill level 5 in Evocations
 16918 | Orc:2    | XOM: butterfly on damage
 16978 | Orc:2    | Noticed a two-headed ogre
 16987 | Orc:2    | XOM: noise
 16989 | Orc:2    | XOM: scenery: 1 doors close
 16996 | Orc:2    | XOM: confusion (+ monsters)
 17013 | Orc:2    | Noticed an orc high priest
 17020 | Orc:2    | XOM: noise
 17025 | Orc:2    | Found a roughly hewn altar of Beogh.
 17146 | Orc:2    | XOM: confusion (+ monsters)
 17165 | Orc:2    | XOM: enchant monster (good)
 17166 | Orc:2    | XOM: summons 8 friendly demons
 17174 | Orc:2    | Killed a two-headed ogre
 17271 | Orc:2    | Killed an orc high priest
 17373 | Orc:2    | Found a roughly hewn altar of Beogh.
 17401 | Orc:2    | XOM: 8-stop teleportation journey
 17409 | Orc:2    | Found a roughly hewn altar of Beogh.
 17556 | Orc:2    | Found a roughly hewn altar of Beogh.
 17638 | Orc:2    | Found Esytatol's Magic Scroll Emporium.
 17643 | Orc:2    | Bought a scroll of blinking for 82 gold pieces
 17643 | Orc:2    | Bought a scroll of fog for 22 gold pieces
 17643 | Orc:2    | Bought a scroll of vulnerability for 82 gold pieces
 17665 | Orc:2    | XOM: confuse monster(s)
 17744 | Orc:2    | Noticed an orc high priest
 17748 | Orc:2    | XOM: divination: magic mapping
 17753 | Orc:2    | Killed an orc high priest
 17753 | Orc:2    | Reached skill level 14 in Dodging
 17756 | Orc:2    | Noticed an orc knight
 17759 | Orc:2    | XOM: scenery: create altars
 17778 | Orc:2    | XOM: confuse monster(s)
 17790 | Orc:2    | XOM: summons 3 friendly demons
 17809 | Orc:2    | XOM: fog
 17816 | Orc:2    | XOM: destruction
 17830 | Orc:2    | Killed an orc knight
 17872 | Orc:2    | XOM: scenery: create altars
 18082 | Orc:2    | Noticed an orc warlord
 18095 | Orc:2    | XOM: enchant monster (good)
 18124 | Orc:2    | XOM: summons friendly crimson imp
 18149 | Orc:2    | XOM: summons friendly chaos spawn
 18157 | Orc:2    | XOM: give mutations
 18157 | Orc:2    | Gained mutation: Your system is resistant to poisons.
                  | (rPois) [Xom's grace]
 18157 | Orc:2    | Gained mutation: You evolve. [Xom's grace]
 18157 | Orc:2    | Gained mutation: You possess an exceptional clarity of
                  | mind. [Xom's grace]
 18159 | Orc:2    | XOM: enchant monster (good)
 18189 | Orc:2    | Noticed an azure jelly
 18189 | Orc:2    | an orc warlord changed into an azure jelly
 18189 | Orc:2    | XOM: polymorph orc warlord -> azure jelly
 18191 | Orc:2    | XOM: noise
 18202 | Orc:2    | Killed an azure jelly
 18234 | Orc:2    | XOM: butterfly on damage
 18347 | Orc:2    | Found a roughly hewn altar of Beogh.
 18349 | Orc:2    | Found Koajaeno's Food Boutique.
 18583 | Orc:2    | Found Wanoaz's Antique Weapon Boutique.
 18588 | Orc:2    | Found Sounkuth's Antique Armour Shop.
 18588 | Orc:2    | Found a roughly hewn altar of Beogh.
 18717 | Orc:2    | Found a roughly hewn altar of Beogh.
 18906 | Lair:1   | Entered Level 1 of the Lair of Beasts
 18938 | Lair:1   | Found a labyrinth entrance.
 18963 | Lab      | Entered a labyrinth
 19016 | Lab      | XOM: mild Erth miscast
 19073 | Lab      | Noticed a minotaur
 19079 | Lab      | Killed a minotaur
 19081 | Lab      | Identified the Guide on the Harmful Oath
 19090 | Lab      | Learned a level 6 spell: Invisibility
 19184 | Lair:1   | Noticed a four-headed hydra
 19186 | Lair:1   | Reached skill level 1 in Hexes
 19192 | Lair:1   | Killed a four-headed hydra
 19192 | Lair:1   | Reached skill level 15 in Dodging
 19192 | Lair:1   | Gained mutation: Your thick and shaggy fur keeps you warm.
                  | (AC +3, rC+) [Felid growth]
 19192 | Lair:1   | Reached XP level 12. HP: 52/52 MP: 22/22
 19265 | Lair:1   | XOM: medium Ice miscast
 19313 | Lair:1   | XOM: divination: detect creatures
 19655 | Lair:2   | Noticed Gastronok
 19666 | Lair:2   | Killed Gastronok
 19679 | Lair:2   | Gained mutation: You are mostly covered in icy blue scales.
                  | (AC +3) [evolution]
 19679 | Lair:2   | Lost mutation: You evolve. [end of evolution]
 19705 | Lair:2   | Noticed a catoblepas
 19715 | Lair:2   | XOM: butterfly on damage
 19733 | Lair:2   | XOM: divination: detect creatures
 19970 | Lair:2   | XOM: enchant monster (good)
 19972 | Lair:2   | Noticed Fannar
 19985 | Lair:2   | XOM: divination: detect creatures
 20080 | Lair:2   | XOM: summons 4 friendly demons
 20087 | Lair:2   | Killed a catoblepas
 20087 | Lair:2   | Reached skill level 5 in Hexes
 20147 | Lair:2   | Found a staircase to the Snake Pit.
 20255 | Lair:2   | Noticed a four-headed hydra
 20262 | Lair:2   | Killed a four-headed hydra
 20424 | Lair:2   | XOM: polymorph water moccasin -> basilisk
 20460 | Lair:2   | XOM: polymorph killer bee -> steam dragon
 20466 | Lair:2   | XOM: polymorph steam dragon -> water moccasin
 20472 | Lair:2   | XOM: give mutations
 20472 | Lair:2   | Gained mutation: You are somewhat resistant to further
                  | mutation. [Xom's grace]
 20472 | Lair:2   | Gained mutation: You passively map a small area around you.
                  | [Xom's grace]
 20472 | Lair:2   | Gained mutation: Your spells are a little harder to cast,
                  | but a little more powerful. [Xom's grace]
 20472 | Lair:2   | Gained mutation: You passively map the area around you.
                  | [Xom's grace]
 20510 | Lair:2   | XOM: summons 7 friendly demons
 20526 | Lair:2   | XOM: mild Air miscast
 20529 | Lair:2   | XOM: blink monster(s)
 20593 | Lair:2   | XOM: 4-stop teleportation journey
 20774 | Lair:2   | Noticed a six-headed hydra
 20774 | Lair:2   | Noticed Sonja
 20780 | Lair:2   | Killed a six-headed hydra
 20795 | Lair:2   | Killed Fannar
 20797 | Lair:2   | Killed Sonja
 20997 | Lair:2   | XOM: repel stairs
 21684 | Lair:3   | Reached skill level 16 in Dodging
 21741 | Lair:3   | XOM: mild Fire miscast
 21757 | Lair:3   | XOM: harmless Hex miscast
 21899 | Lair:3   | Learned a level 1 spell: Confusing Touch
 21901 | Lair:3   | Learned a level 1 spell: Animate Skeleton
 21903 | Lair:3   | Learned a level 1 spell: Apportation
 21909 | Lair:3   | Learned a level 5 spell: Blade Hands
 21946 | Lair:3   | Noticed a six-headed hydra
 21952 | Lair:3   | Killed a six-headed hydra
 22022 | Lair:3   | Reached XP level 13. HP: 56/56 MP: 24/24
 22278 | Lair:3   | XOM: mild Erth miscast
 22393 | Lair:4   | XOM: noise
 22412 | Lair:4   | XOM: noise
 22477 | Lair:4   | Found a staircase to the Shoals.
 22488 | Lair:4   | Reached skill level 1 in Necromancy
 22551 | Lair:4   | XOM: enchant monster (good)
 22631 | Lair:3   | XOM: butterfly on damage
 22639 | Lair:3   | XOM: cast spell 'Summon Ice Beast'
 22676 | Lair:3   | XOM: potion effect (agility)
 22681 | Lair:3   | XOM: cast spell 'Summon Butterflies'
 22756 | Lair:3   | XOM: potion effect (brilliance)
 22763 | Lair:3   | XOM: summons 6 hostile demons
 22768 | Lair:3   | XOM: smoke on damage
 22774 | Lair:3   | XOM: enchant monster (bad)
 22832 | Lair:4   | XOM: cleaving
 22843 | Lair:4   | XOM: draining
 22854 | Lair:4   | XOM: blink monster(s)
 22860 | Lair:4   | XOM: summons friendly quasit
 22868 | Lair:4   | XOM: stat loss: -1 Str (9/10)
 22971 | Lair:4   | XOM: destruction
 23045 | Lair:4   | XOM: scenery: create altars
 23050 | Lair:4   | XOM: divination: detect items
 23435 | Lair:4   | XOM: summons 3 hostile demons
 23663 | Lair:4   | XOM: stat loss: -1 Dex (18/19)
 23679 | Lair:4   | XOM: summons 6 hostile demons
 23889 | Lair:5   | XOM: medium Hex miscast
 23896 | Lair:5   | XOM: chaos cloud
 23940 | Lair:5   | XOM: harmless Tmut miscast
 23942 | Lair:5   | XOM: harmless Chrm miscast
 23984 | Lair:5   | XOM: chaos cloud
 23986 | Lair:5   | XOM: cleaving
 23995 | Lair:5   | XOM: summons 11 friendly demons
 24061 | Lair:5   | Found a dark tunnel.
 24065 | Volcano  | Entered a volcano
 24090 | Volcano  | Reached skill level 10 in Unarmed Combat
 24151 | Volcano  | XOM: god gift: gnarled jewelled staff {god gift}
 24223 | Lair:5   | Learned a level 5 spell: Borgnjor's Vile Clutch
 24267 | Lair:5   | XOM: scenery: create altars
 24325 | Lair:5   | XOM: give mutations
 24325 | Lair:5   | Gained mutation: Your flesh is very cold resistant. (rC++)
                  | [Xom's grace]
 24325 | Lair:5   | Gained mutation: You are very robust. (+20% HP) [Xom's
                  | grace]
 24325 | Lair:5   | Gained mutation: You are extremely robust. (+30% HP) [Xom's
                  | grace]
 24325 | Lair:5   | Gained mutation: You are agile. (Dex +2) [Xom's grace]
 24362 | Lair:5   | XOM: cloud trail
 24695 | Lair:5   | Found a viscous altar of Jiyva.
 24695 | Lair:5   | Found a staircase to the Slime Pits.
 24711 | Lair:5   | XOM: give mutations
 24711 | Lair:5   | Gained mutation: Your flesh is almost immune to the effects
                  | of cold. (rC+++) [Xom's grace]
 24711 | Lair:5   | Gained mutation: You have a pair of small horns on your
                  | head. [Xom's grace]
 24711 | Lair:5   | Gained mutation: Your muscles are very strong. (Str +4)
                  | [Xom's grace]
 24909 | Lair:6   | Entered Level 6 of the Lair of Beasts
 24921 | Lair:6   | Reached skill level 10 in Hexes
 24925 | Lair:6   | XOM: polymorph blink frog -> hornet
 24940 | Lair:5   | XOM: enchant monster (good)
 24943 | Lair:5   | XOM: summons friendly white imp
 24945 | Lair:5   | XOM: confuse monster(s)
 24951 | Lair:5   | XOM: scenery: create altars
 24964 | Lair:5   | Reached skill level 17 in Dodging
 24964 | Lair:5   | Reached skill level 1 in Earth Magic
 25097 | Lair:5   | XOM: confuse monster(s)
 25218 | Lair:6   | XOM: god gift: potion of curing
 25290 | Lair:6   | XOM: summons friendly iron imp
 25341 | Lair:6   | XOM: summons 2 hostile demons
 25357 | Lair:6   | XOM: mild Hex miscast
 25376 | Lair:6   | XOM: mild Conj miscast
 25379 | Lair:6   | XOM: enchant monster (good)
 25385 | Lair:5   | XOM: stat loss: -1 Dex (20/21)
 25625 | Lair:6   | XOM: polymorph bullfrog -> sky beast
 25633 | Lair:5   | XOM: swap monsters
 25851 | Lair:6   | XOM: potion effect (magic)
 25860 | Lair:6   | XOM: cleaving
 25864 | Lair:6   | XOM: cleaving
 25892 | Lair:6   | XOM: summons 2 friendly demons
 25904 | Lair:6   | Reached XP level 14. HP: 60/71 MP: 20/26
 26071 | Lair:6   | XOM: noise
 26076 | Lair:6   | XOM: divination: magic mapping
 26078 | Lair:6   | XOM: confuse monster(s)
 26084 | Lair:6   | XOM: polymorph blink frog -> meliai
 26088 | Lair:6   | XOM: confuse monster(s)
 26398 | Lair:6   | XOM: draining
 26496 | Lair:6   | XOM: divination: detect creatures
 26497 | Lair:6   | XOM: destruction
 26508 | Lair:6   | XOM: enchant monster (bad)
 26516 | Lair:6   | XOM: enchant monster (bad)
 26522 | Lair:6   | Reached skill level 15 in Stealth
 26524 | Lair:6   | XOM: give mutation
 26524 | Lair:6   | Lost mutation: Your muscles are very strong. (Str +4)
                  | [Xom's mischief]
 26889 | Lair:6   | XOM: polymorph tyrant leech -> eight-headed hydra
 26950 | Lair:6   | XOM: noise
 27010 | Lair:6   | XOM: summons 7 hostile demons
 27309 | Lair:3   | XOM: mild Conj miscast
 27316 | Lair:3   | Learned a level 5 spell: Summon Mana Viper
 27614 | D:12     | Reached skill level 1 in Summonings
 27632 | D:12     | XOM: harmless Tmut miscast
 27642 | D:12     | Lost mutation: You are extremely robust. (+30% HP)
                  | [mutagenic glow]
 27884 | D:12     | XOM: swap monsters
 27898 | D:12     | Found Xuitircha's Armour Shop.
 27925 | D:12     | Found Mikh's Assorted Antiques.
 27960 | D:12     | Bought a metal-bound book for 435 gold pieces
 27960 | D:12     | Bought a pearl ring for 145 gold pieces
 28143 | D:12     | Found Reekhlue's General Store.
 28147 | D:12     | Found Hin Wiwifa's General Store.
 28151 | D:12     | Bought the ring of Shadows {Umbra +Inv Stlth+} for 560 gold
                  | pieces
 28151 | D:12     | Found the ring of Shadows {Umbra +Inv Stlth+}
 28151 | D:12     | Bought a scroll of holy word for 105 gold pieces
 28161 | D:12     | Bought a wand of acid (10) for 420 gold pieces
 28235 | D:13     | Noticed Rupert
 28247 | D:13     | Killed Rupert
 28272 | D:13     | Noticed Kirke
 28341 | D:13     | XOM: confuse monster(s)
 28548 | D:13     | Killed Kirke
 28673 | D:13     | Reached skill level 18 in Dodging
 28829 | D:13     | Found a gate to the Vaults.
 29021 | D:13     | XOM: scenery: create altars
 29205 | D:14     | Found a glowing silver altar of Zin.
 29402 | D:15     | Entered Level 15 of the Dungeon
 29415 | D:15     | XOM: polymorph orc warrior -> tengu
 29419 | D:15     | XOM: blink monster(s)
 29422 | D:14     | XOM: swap monsters
 29586 | D:15     | XOM: enchant monster (bad)
 29640 | D:15     | Reached XP level 15. HP: 58/69 MP: 21/29
 29649 | D:15     | XOM: polymorph tengu warrior -> swamp worm
 29679 | D:15     | XOM: chaos upgrade
 29834 | D:15     | XOM: summons 7 hostile demons
 29909 | D:15     | XOM: give mutations
 29909 | D:15     | Lost mutation: You possess an exceptional clarity of mind.
                  | [Xom's mischief]
 29909 | D:15     | Lost mutation: You expend magic power (3 MP) to strengthen
                  | your wands. [Xom's mischief]
 29909 | D:15     | Lost mutation: You have a pair of small horns on your head.
                  | [Xom's mischief]
 29909 | D:15     | Lost mutation: Your mind is acute. (Int +2) [Xom's
                  | mischief]
 29917 | D:15     | XOM: harmless Conj miscast
 29951 | D:15     | XOM: harmless Conj miscast
 30042 | D:15     | Found an opulent altar of Gozag.
 30194 | D:15     | Found Dinlecra's Magic Scroll Emporium.
 30197 | D:15     | Bought a scroll of fog for 28 gold pieces
 30197 | D:15     | Bought 2 scrolls of blinking for 210 gold pieces
 30214 | D:15     | Found a staircase to the Depths.
 30729 | D:4      | Killed CcS's ghost
 30988 | Snake:1  | Entered Level 1 of the Snake Pit
 31011 | Snake:1  | XOM: potion effect (might)
 31243 | Snake:1  | XOM: potion effect (curing)
 31260 | Snake:1  | XOM: divination: detect creatures
 31261 | Snake:1  | XOM: butterfly on damage
 31262 | Lair:2   | XOM: potion effect (invisibility)
 31263 | Lair:2   | XOM: butterfly on damage
 31264 | Lair:2   | Shot with a bolt by a naga sharpshooter
 31265 | Lair:2   | Reached XP level 14. HP: -3/66 MP: 28/28
 31357 | Snake:1  | XOM: harmless Hex miscast
 31376 | Snake:1  | XOM: divination: detect creatures
 31379 | Snake:1  | Slain by a naga warrior
 31380 | Snake:1  | Reached XP level 13. HP: -3/61 MP: 27/27
 31385 | Snake:1  | Quit the game

Vault maps used:
D:1:      erik_arrival_triangle_medium, st_stairs_8, minmay_misc_feat_rows,
          hangedman_abyss_or_decor_stabs
D:2:      marbit_many_paths, chequers_ecumenical_altar_simple_redux,
          minmay_bisected
D:3:      first_ration, supply_closet_lemuel, uniq_grinder
D:4:      lemuel_doored_altar, minmay_temple_entry_nine_rooms,
          gammafunk_ghost_arena, serial_shops, nicolae_shop_stone
D:5:      minmay_diamond_boxcup, nicolae_ru_sacrificial_ziggurat,
          kennysheep_generic_room_10, uniq_blork_the_orc, uniq_menkaure
D:6:      uniq_pikel, uniq_duvessa
D:7:      okawaru_humans, old_standard_altar, basic_altar
D:8:      kennysheep_little_box, blue_anna_alchemist,
          nicolae_tso_carved_into_rock
D:9:      lemuel_crystal_altar, old_standard_altar, david_orc_3, serial_shops,
          shop, uniq_erolcha
D:11:     david_lair_shrubbed, uniq_psyche, uniq_nergalle, uniq_snorg
D:12:     serial_shops, nicolae_shop_behind_doors, shop_fountains,
          kennysheep_mini, shop
D:13:     david_vaults_4, uniq_kirke, uniq_rupert
D:14:     basic_altar, corexii_corridor_pit, hex_large
D:15:     hangedman_depths_entry_civil_slaughter, serial_shops,
          nicolae_shop_behind_doors, nicolae_gozag_seed_capital
Lair:1:   lab_entry_generic, grunt_megastairs_1, minmay_lair_oklob_chamber
Lair:2:   dummy_snake_entry, special_room, chequers_serial_rivers_large_a,
          hibernation_bobbens, uniq_fannar, uniq_gastronok, uniq_sonja
Lair:4:   minmay_shoals_entry_beasts, beast_lair_carwin_9, serial_bayou_shore_b,
          grunt_megastairs_4, lemuel_fruit_tree
Lair:5:   dpeg_slime_entry_enclosed_altar, enter_volcano_4
Lair:6:   minmay_lair_end_frog_pond, serial_bayou_shore_a,
          infiniplex_staircase_pool_2
Snake:1:  basic_loot_grate_trap
Orc:1:    basic_altar, serial_shops, nicolae_shop_overgrown_old_shop,
          sword_in_stone
Orc:2:    grunt_orc_community_town_hall, grunt_orc_community_big_house_2,
          grunt_orc_community_big_house_2, grunt_orc_community_house_2,
          grunt_orc_community_house_2, grunt_orc_community_house_1,
          grunt_orc_community_house_1, grunt_orc_community_house_2
Lab:      labyrinth_watery, labyrinth_skeletal_remains, nicolae_lab_swirl
Volcano:  volcano_pools

Skill      XL: |  1  2  3  4  5  6  7  8  9 10 11 12 13 14 |
---------------+-------------------------------------------+-----
Stealth        | 1 2 3 4 5 6 8 11 12 13 14 15 | 15.9
Dodging        | 4 5 6 8 12 13 15 16 17 18 | 18.2
Transmutations | 1 2 3 4 5 |  5.1
Spellcasting   | 1 3 5 6 7 9 |  9.5
Unarmed Combat | 4 7 8 9 10 11 | 11.0
Poison Magic   | 1 2 |  2.0
Conjurations   | 1 |  1.0
Air Magic      | 1 2 |  2.4
Evocations     | 3 4 6 |  6.2
Hexes          | 2 7 11 13 | 13.0
Necromancy     | 1 |  1.6
Earth Magic    | 2 3 |  3.1
Summonings     | 4 |  4.1
Fighting       | |  3.1

Action                   |  1- 3 |  4- 6 |  7- 9 | 10-12 | 13-15 || total
-------------------------+-------+-------+-------+-------+-------++-------
Melee: Unarmed           |    90 |   131 |   506 |   563 |   886 ||  2176
       Bite              |     6 |    11 |    29 |    62 |   149 ||   257
       Punch             |       |     2 |     5 |    22 |    53 ||    82
       Headbutt          |       |       |       |       |   125 ||   125
 Cast: Sticks to Snakes  |       |     5 |    40 |    21 |     2 ||    68
       Spider Form       |       |     2 |    34 |    17 |       ||    53
       Mephitic Cloud    |       |       |     1 |    85 |    60 ||   146
       Animate Skeleton  |       |       |       |     2 |    60 ||    62
       Confusing Touch   |       |       |       |       |    83 ||    83
       Invisibility      |       |       |       |       |     6 ||     6
 Abil: End Transformatio |       |       |     1 |     1 |       ||     2
Evoke: Wand              |       |       |    47 |    17 |    10 ||    74
  Use: Potion            |     4 |     2 |     2 |     2 |     1 ||    11
       Scroll            |       |     4 |    10 |     5 |    13 ||    32
 Stab: Sleeping          |     6 |    20 |    34 |    31 |    30 ||   121
       Distracted        |     1 |       |     5 |     5 |     6 ||    17
       Paralysed         |       |       |    10 |       |       ||    10
       Confused          |       |       |     2 |    57 |    81 ||   140
       Petrified         |       |       |     1 |     1 |       ||     2
       Invisible         |       |       |       |       |    32 ||    32
  Eat: Chunk             |     9 |     7 |    32 |    22 |    22 ||    92
Armor: Skin              |     1 |    10 |     9 |    10 |    59 ||    89
Dodge: Dodged            |    76 |    94 |   437 |   420 |  1009 ||  2036
Block: Other             |       |       |       |    49 |   195 ||   244
       Reflection        |       |       |       |       |     3 ||     3

Table legend:
 A = Non-vault XP
 B = Vault XP
 C = Vault XP percentage of total XP
 D = Non-vault monster count
 E = Vault monster count
 F = Vault count percentage of total count
                 A         B        C        D         E       F
            +---------+---------+-------+---------+---------+-------
      Total |   68149 |   48615 |  41.6 |     450 |     212 |  32.0
            +---------+---------+-------+---------+---------+-------
        D:1 |      14 |       1 |   6.7 |       8 |       1 |  11.1
        D:2 |     106 |       3 |   2.8 |      30 |       2 |   6.2
        D:3 |      40 |     260 |  86.7 |      14 |       1 |   6.7
        D:4 |     237 |     358 |  60.2 |      21 |       3 |  12.5
        D:5 |     147 |     363 |  71.2 |       6 |       8 |  57.1
        D:6 |     528 |     423 |  44.5 |      15 |       3 |  16.7
        D:7 |     860 |     381 |  30.7 |      25 |       2 |   7.4
        D:8 |    1355 |      85 |   5.9 |      31 |       1 |   3.1
        D:9 |    1447 |    1296 |  47.2 |      29 |       7 |  19.4
       D:10 |    2358 |       0 |   0.0 |      30 |       0 |   0.0
       D:11 |    1943 |    2365 |  54.9 |      18 |       4 |  18.2
       D:12 |    7406 |       0 |   0.0 |      42 |       0 |   0.0
       D:13 |    3909 |    7815 |  66.7 |      15 |       7 |  31.8
       D:14 |    2545 |     789 |  23.7 |       8 |       1 |  11.1
       D:15 |    9034 |    2638 |  22.6 |      28 |       5 |  15.2
     Lair:1 |    3105 |     905 |  22.6 |      11 |       3 |  21.4
     Lair:2 |    5582 |    5448 |  49.4 |      14 |      28 |  66.7
     Lair:3 |    4568 |    2926 |  39.0 |      16 |       4 |  20.0
     Lair:4 |    2289 |    1852 |  44.7 |       7 |       5 |  41.7
     Lair:5 |    6929 |    1139 |  14.1 |      19 |       5 |  20.8
     Lair:6 |   10382 |    7471 |  41.8 |      33 |      41 |  55.4
    Snake:1 |    1343 |       0 |   0.0 |       4 |       0 |   0.0
      Orc:1 |     817 |    1119 |  57.8 |      12 |       6 |  33.3
      Orc:2 |    1205 |    6643 |  84.6 |      14 |      68 |  82.9
        Lab |       0 |    1269 | 100.0 |       0 |       1 | 100.0
    Volcano |       0 |    3066 | 100.0 |       0 |       6 | 100.0
            +---------+---------+-------+---------+---------+-------
